Arrhythmia, neutral female human Tourist -------- ------------- --+-- |......| |...........| ------ |...| #.......| |...........| |....| |...-############%##|......| |...........| |<...| ------------ |...| |.......##### |...........| |....| |..........| |...| |......| # |............#######.....- |.........>| --.-- |......| ##............| ------ +..d.......| # -------- ------------- ###|..f@......| ### ###).`.....[..| # # ------------ ####### ### -------.- ------ # |.....{.| |...>|#%# |.......|############ |....-# |.......|# -|----- ######################-...+| ---.-----# |.....| # ------ ####### |......## ------- Arrhythmia the Sightseer Experience level: 4 Strength: 13 Dexterity: 14 Constitution: 15 Intelligence: 11 Wisdom: 9 Charisma: 13 Health: 0(27) Energy: 11(11) AC: 5 Gold: 1017 Moves: 1439 Your Inventory: Coins $ - 1017 gold pieces Weapons a - 35 uncursed +2 darts (in quiver) y - a [blessed +1] crude dagger [orcish] (weapon in hand) Armor m - an uncursed +0 Hawaiian shirt (being worn) u - an [uncursed] +0 scale mail (being worn) z - an [uncursed] +1 iron skull cap [orcish helm] B - an [uncursed] +0 helmet called brilliant! [of brilliance] (being worn) Comestibles b - 2 uncursed cram rations e - an uncursed [stale] egg f - 4 uncursed food rations h - 3 uncursed tripe rations Scrolls k - 3 uncursed scrolls of magic mapping l - a blessed scroll of magic mapping A - an [uncursed] scroll labeled KO BATE [of taming] Potions i - 2 blessed potions of extra healing j - an uncursed potion of extra healing p - an [uncursed] squishy potion [of acid] r - an [uncursed] emerald potion [of gain level] w - an [uncursed] potion called smoky [of booze] x - an [uncursed] dark green potion [of confusion] Tools n - an uncursed expensive camera (0:37) o - an uncursed credit card Gems q - an [uncursed] green gem [worthless glass] Spells known in the end: Name Level Category Fail Memory a - slow monster 2 enchantment 100% [||||||||] Your skills at the end: Fighting Skills Weapon Skills dart [Basic / Expert] Spellcasting Skills Final Attributes: You were devoutly aligned. Hunger level was 465. Your alignment was 17 / 17. Monster difficulty range was 0 - 3. Level difficulty was 3. You were telepathic. You were lucky (1). You are dead. Vanquished creatures: 2 floating eyes a kitten an iguana a giant rat a yellow mold 3 gnome zombies a gecko 4 jackals a fox a goblin a grid bug 2 kobold zombies 3 newts 22 creatures vanquished. Voluntary challenges: You were an atheist. You used a wielded weapon 10 times. You read items or engraved 3 times. You put on armor 6 times. You never genocided any monsters. You never polymorphed an object. You never changed form. You used no wishes. You never wrote Elbereth's name. You never encountered a bones level. You never used any Sokoban shortcuts. Dungeon overview: The Dungeons of Doom: levels 1 to 3 Level 1 an altar to The Lady, a fountain a long staircase Level 2 a fountain, a sink Level 3 <- You were here a fountain a long staircase History has recorded: On T:1 you entered the Dungeons of Doom to retrieve the Amulet of Yendor! On T:584 you reached level 2 of The Dungeons of Doom. On T:914 you advanced to experience level 2. On T:1013 you reached level 3 of The Dungeons of Doom. On T:1139 you advanced to experience level 3. On T:1302 you advanced to experience level 4. Latest messages: You aren't sure you're doing this the right way... You destroy the gnome zombie! The little dog just misses! You hit the little dog. The little dog just misses! You hit the little dog. The little dog bites! (2x) [HP-5=22] You hit the little dog. The little dog bites! [HP-6=16] You miss the little dog. The little dog misses. The little dog bites! [HP-4=12] The dart misses the little dog. The little dog bites! [HP-5=7] The little dog bites! [HP-2=5] Katia misses the little dog. (2x) The little dog bites! You die... Final status: Aloha Arrhythmia the Tourist... You died in The Dungeons of Doom on dungeon level 3 with 954 points, and 1017 pieces of gold, after 1439 moves. You were level 4 with a maximum of 27 hit points when you died.